AoeStats
← No Wei

Arabia

508505962Analyzed
1v1 RM · 10d ago on Sep 22, 2026· 20m 46s· 2 players
Game mode
Random Map
Map size
Tiny (2 player)
Population
200
Speed
Normal
Resources
Standard
Victory
Conquest
Starting age
Dark Age
Ending age
Imperial Age
RankedLock teamsTeams togetherTeam positionsShared explorationLock speedFull tech treeHidden civsTurbo modeCheats
Victory
Defeat
🇫🇮 Danes · Finland
1262
+14
🇹🇷 Chinese · Türkiye
1216
-14
VALENTE
0:26 Loom
9:50 Feudal Age
10:15 Double-Bit Axe
14:25 Horse Collar
No Wei
6:11 Loom
9:04 Feudal Age
9:57 Double-Bit Axe
9:57 Horse Collar
9:42 Man-at-Arms
12:58 Gold Mining
15:56 Fletching
17:22 Padded Archer Armor
Connection lost

Rejoining the realm…

Still unreachable

The connection could not be restored.

Session expired

The server has moved on; the page needs a fresh start.